 Dungeon Crawl Stone Soup version 0.23-a0-143-g1adec7b (webtiles) character file.

2913 corax the Fighter (level 9, -15/74 HPs)
             Began as a Mummy Fighter on Sept 1, 2018.
             Killed from afar by Harold (19 damage)
             ... with a harpoon shot
             ... on level 7 of the Dungeon.
             The game lasted 00:27:55 (9471 turns).

corax the Fighter (Mummy Fighter)                   Turns: 9471, Time: 00:27:56

Health: -15/74     AC: 15    Str: 22    XL:     9   Next: 49%
Magic:  9/9        EV:  3    Int:  7    God:
Gold:   225        SH:  0    Dex: 12    Spells: 8/8 levels left

rFire    x . .     SeeInvis .   a - +0 spear (freeze)
rCold    + . .     Gourm    .   (no shield)
rNeg     + + +     Faith    .   o - +2 plate armour
rPois    ∞         Spirit   .   (no helmet)
rElec    .         Reflect  .   (no cloak)
rCorr    .         Harm     .   (no gloves)
MR       +....                  (no boots)
Stlth    ..........             (no amulet)
HPRegen  0.22/turn              i - ring of wizardry
MPRegen  0.11/turn              (no ring)

@: marked, held
A: no food or potions, fire vulnerability, cold resistance 1, negative energy
resistance 3, torment resistance, unbreathing
a: no special abilities


You were on level 7 of the Dungeon.
You were not hungry.

You visited 1 branch of the dungeon, and saw 7 of its levels.

You collected 225 gold pieces.

Inventory:

Hand Weapons
 a - a +0 spear of freezing (weapon)
 b - a +0 halberd
Armour
 o - a +2 plate armour (worn)
Jewellery
 i - a ring of wizardry (left hand)
 j - an uncursed ring of wizardry
 k - an uncursed ring of protection from fire {unknown}
 l - a +5 ring of strength {unknown}
 m - a cursed ring of teleportation
Wands
 r - a wand of paralysis (8)
Scrolls
 e - 6 scrolls of remove curse


   Skills:
 + Level 8.1 Fighting
 + Level 6.4 Polearms
 + Level 6.8 Armour
   Level 2.6 Shields
 + Level 0.9 Evocations


You had 8 spell levels left.
You didn't know any spells.
Your spell library was empty.

Dungeon Overview and Level Annotations

Branches:
Dungeon (7/15)
 Temple: D:4-7

Altars:
Nemelex Xobeh
Ru

Shops:
D:5 [

Annotations:
D:7 Harold, Joseph


Innate Abilities, Weirdness & Mutations

You do not eat or drink.
Your flesh is vulnerable to fire.
You are immune to poison.
Your flesh is cold resistant. (rC+)
You are immune to negative energy. (rN+++)
You are immune to unholy pain and torment.
You can survive without breathing.


Message History

Joseph shoots a sling bullet.
The sling bullet hits you!
* * * LOW HITPOINT WARNING * * *
You see here a sling bullet.
Joseph shoots a sling bullet.
The sling bullet hits you!
* * * LOW HITPOINT WARNING * * *
Harold throws a throwing net.
The throwing net hits you.
You become entangled in the net!
Things that are here:
a throwing net; a sling bullet You struggle against the net.
Joseph says, "I've waited for this moment for such a long time."
Joseph shoots a sling bullet.
The sling bullet hits you.
* * * LOW HITPOINT WARNING * * *
You struggle against the net.
Harold points at you and mumbles some strange words.
The mark upon you grows brighter.
You struggle against the net.
Harold casts a spell at you. The harpoon shot hits you!
You die...

#..... #.... ##
#.... #. ###
##.... #.
######.# ##.###.
.###.......#
##.## #.
#..........##
##.## #. #...
#....########.##
#. ###..#
#..@........##
#. #...(###
#.(.####....#
##.
#..##.(.####(.##
###### #.. #..
##...##(.## #..
# ##...@..# ###
##..@.## ######


You could see Harold and Joseph.

Vanquished Creatures
  Pikel (D:6)
  Sigmund (D:6)
  Menkaure (D:6)
  Edmund (D:6)
  4 slaves
  2 orc warriors
  2 ogres (D:5)
  A phantom (D:5)
  2 ice beasts (D:5)
  A necrophage (D:6)
  A bullfrog (D:6)
  Blork the orc (D:5)
  A wyvern skeleton (D:6)
  A scorpion (D:7)
  2 howler monkeys
  A jelly (D:7)
  4 orc wizards
  3 hounds
  A gnoll shaman (D:4)
  3 orc priests
  A bullfrog skeleton (D:4)
  4 iguanas
  Natasha (twice) (D:3)
  5 worker ants
  20 gnolls
  6 adders
  An ooze (D:2)
  A worm (D:4)
  5 dart slugs
  9 leopard geckos
  18 orcs
  9 bats
  3 giant cockroaches
  5 hobgoblins
  9 jackals
  4 quokkas
  3 frilled lizards
  8 goblins
  A jackal skeleton (D:4)
  6 kobolds
  A quokka skeleton (D:4)
  7 rats
162 creatures vanquished.

Notes
Turn   | Place    | Note
-------+----------+-------------------------------------------
     0 | D:1      | corax the Mummy Fighter began the quest for the Orb.
     0 | D:1      | Reached XP level 1. HP: 18/18 MP: 1/1
    68 | D:1      | Reached XP level 2. HP: 15/24 MP: 2/2
   623 | D:1      | Reached XP level 3. HP: 29/29 MP: 3/3
   883 | D:2      | Found a faded altar of an unknown god.
   907 | D:2      | Found a sparkling altar of Nemelex Xobeh.
  1380 | D:3      | Reached XP level 4. HP: 28/37 MP: 4/4
  1586 | D:3      | Noticed Natasha
  1594 | D:3      | Killed Natasha
  1636 | D:3      | Reached skill level 4 in Fighting
  2125 | D:3      | Found a sacrificial altar of Ru.
  2345 | D:3      | Noticed Natasha
  2356 | D:3      | Killed Natasha
  2356 | D:3      | Reached XP level 5. HP: 27/42 MP: 5/5
  2776 | D:4      | HP: 1/43 [orc/flail (3)]
  2777 | D:4      | Reached XP level 6. HP: 1/49 MP: 6/6
  3225 | D:4      | HP: 2/49 [leopard gecko (3)]
  4537 | D:4      | Reached skill level 5 in Fighting
  4739 | D:5      | Entered Level 5 of the Dungeon
  4946 | D:5      | Noticed an ice beast
  4984 | D:4      | Reached XP level 7. HP: 56/56 MP: 7/7
  5144 | D:5      | Found Fuon's Antique Armour Shoppe.
  5895 | D:5      | Reached skill level 6 in Fighting
  5929 | D:5      | Reached skill level 5 in Armour
  5929 | D:5      | Reached XP level 8. HP: 28/64 MP: 8/8
  6133 | D:5      | Noticed Blork the orc
  6644 | D:5      | Found a sacrificial altar of Ru.
  7164 | D:5      | Killed Blork the orc
  7164 | D:5      | Reached skill level 5 in Polearms
  7436 | D:6      | Noticed Menkaure
  7450 | D:6      | Killed Menkaure
  7618 | D:6      | Reached skill level 7 in Fighting
  7626 | D:6      | Noticed Sigmund
  7910 | D:6      | Killed Sigmund
  8032 | D:6      | Reached XP level 9. HP: 71/72 MP: 9/9
  8137 | D:6      | Noticed Pikel
  8143 | D:6      | Noticed Edmund
  8492 | D:6      | Killed Edmund
  8964 | D:6      | Killed Pikel
  8964 | D:6      | Reached skill level 8 in Fighting
  9450 | D:7      | Noticed Harold
  9450 | D:7      | Noticed Joseph
  9471 | D:7      | Killed from afar by Harold

Vault maps used:
D:1:      elethiomel_arrival_quiet
D:2:      chequers_ecumenical_altar_island, lemuel_statue_altar
D:3:      first_ration, hangedman_ru_absence, uniq_natasha
D:4:      minivault_24
D:5:      overflow_temple_1_default, serial_shops,
          nicolae_shop_overgrown_old_shop, uniq_blork_the_orc
D:6:      serial_corexii_hall, corexii_hall_statues_i, corexii_hall_statues_t,
          uniq_menkaure, uniq_pikel, uniq_sigmund, uniq_edmund
D:7:      kennysheep_steamy, minmay_temple_entry_poolview,
          ebering_ghost_reflecting_pool, uniq_harold, uniq_joseph

Skill      XL: |  1  2  3  4  5  6  7  8  9 |
---------------+----------------------------+-----
Polearms       | 2 3 4 5 6 |  6.4
Armour         | 3 4 5 6 |  6.8
Fighting       | 4 5 6 7 8 |  8.1
Shields        | |  2.6
Evocations     | |  0.9

Action                   |  1- 3 |  4- 6 |  7- 9 || total
-------------------------+-------+-------+-------++-------
Melee: Trident           |   177 |   321 |       ||   498
       Spear             |       |    30 |   594 ||   624
       Halberd           |       |       |    39 ||    39
Evoke: Wand              |       |       |     5 ||     5
  Use: Scroll            |       |     1 |    11 ||    12
 Stab: Paralysed         |       |       |    18 ||    18
Armor: Scale mail        |    19 |       |       ||    19
       Plate armour      |   159 |   173 |   303 ||   635
Dodge: Dodged            |    82 |    96 |   132 ||   310

Table legend:
 A = Non-vault XP
 B = Vault XP
 C = Vault XP percentage of total XP
 D = Non-vault monster count
 E = Vault monster count
 F = Vault count percentage of total count
                 A         B        C        D         E       F
            +---------+---------+-------+---------+---------+-------
      Total |    2783 |    1379 |  33.1 |     152 |       6 |   3.8
            +---------+---------+-------+---------+---------+-------
        D:1 |      41 |       0 |   0.0 |      24 |       0 |   0.0
        D:2 |      44 |       0 |   0.0 |      18 |       0 |   0.0
        D:3 |     108 |      35 |  24.5 |      20 |       1 |   4.8
        D:4 |     496 |       0 |   0.0 |      33 |       0 |   0.0
        D:5 |    1279 |      90 |   6.6 |      34 |       1 |   2.9
        D:6 |     466 |    1254 |  72.9 |      12 |       4 |  25.0
        D:7 |     349 |       0 |   0.0 |      11 |       0 |   0.0
            +---------+---------+-------+---------+---------+-------
